 Dungeon Crawl Stone Soup version 0.23.0 (webtiles) character file.

Game seed: 6550416265480797270

772 GenChuck the Magician (level 7, -1/32 HPs)
             Began as a Spriggan Conjurer on Feb 18, 2019.
             Was a Follower of Sif Muna.
             Slain by a slave (5 damage)
             ... led by Pikel
             ... on level 4 of the Dungeon.
             The game lasted 00:44:06 (7052 turns).

GenChuck the Magician (Spriggan Conjurer)           Turns: 7052, Time: 00:44:06

Health: -1/32      AC:  2    Str:  4    XL:     7   Next: 53%
Magic:  19/19      EV: 20    Int: 19    God:    Sif Muna [*.....]
Gold:   242        SH:  0    Dex: 16    Spells: 18/21 levels left

rFire    . . .     SeeInvis +   m - +0 dagger (venom)
rCold    . . .     Gourm    .   (shield restricted)
rNeg     . . .     Faith    .   a - +0 robe
rPois    .         Spirit   .   (helmet restricted)
rElec    +         Reflect  .   (no cloak)
rCorr    .         Harm     .   (gloves unavailable)
MR       ++...                  (boots unavailable)
Stlth    +++.......             (no amulet)
HPRegen  0.10/turn              f - ring of protection from magic
MPRegen  0.16/turn              (no ring)

@: about to teleport, very quick
A: very small, unfitting armour, horns 1, see invisible, herbivore, speed 3,
electricity resistance, slow metabolism 2, wild magic 1
a: Divine Energy, Renounce Religion


You were on level 4 of the Dungeon.
You worshipped Sif Muna.
Sif Muna was aware of your devotion.
You were not hungry.

You visited 1 branch of the dungeon, and saw 5 of its levels.

You collected 242 gold pieces.

Inventory:

Hand Weapons
 j - a +0 hunting sling
 m - a +0 dagger of venom (weapon)
 n - a +0 blowgun
 r - a +2 short sword of protection
 t - a +3 trident of piercing
Missiles
 e - 19 sling bullets
 k - 76 stones (quivered)
 l - 2 needles of confusion
 o - 8 poisoned needles
Armour
 a - a +0 robe (worn)
Jewellery
 f - a ring of protection from magic (left hand)
 h - a cursed ring of teleportation
Scrolls
 d - a scroll of teleportation
 g - a scroll of identify
 p - 4 scrolls of remove curse
Potions
 b - 3 potions of lignification
 i - 2 potions of curing
 s - a potion of resistance {unknown}
Comestibles
 c - 7 rations


   Skills:
 + Level 0.7 Fighting
 * Level 5.0 Dodging
 * Level 5.6 Stealth
 * Level 7.6 Spellcasting
 + Level 4.2 Conjurations


You had 18 spell levels left.
You knew the following spells:

 Your Spells              Type           Power        Failure   Level  Hunger
a - Magic Dart            Conj           ####         3%          1    None
b - Searing Ray           Conj           ####..       4%          2    None

Your spell library contained the following spells:

 Spells                   Type           Power        Failure   Level  Hunger
 Dazzling Spray           Conj/Hex       ###...       17%         3    #......
 Iskenderun's Mystic Bla  Conj           ####....     24%         4    ###....
 Force Lance              Conj/Tloc      ###.....     45%         4    ###....
 Fulminant Prism          Conj/Hex       ###.......   45%         4    ###....


Dungeon Overview and Level Annotations

Branches:
Dungeon (5/15)
 Temple: D:4-7

Altars:
Ashenzari
Hepliaklqana
Kikubaaqudgha
Nemelex Xobeh
Qazlal
Sif Muna
Xom
The Shining One

Annotations:
D:5 Pikel


Innate Abilities, Weirdness & Mutations

You are very small and have problems with some larger weapons.
You are too small for most types of armour.
You have supernaturally acute eyesight. (SInv)
You are a herbivore.
You cover ground extremely quickly.
You need to consume almost no food.
You have a pair of small horns on your head.
You are resistant to electric shocks. (rElec)
Your spells are a little harder to cast, but a little more powerful.


Message History

The hippogriff claws you. The hippogriff closely misses you.
The hippogriff barely misses you. The hippogriff claws you.
There is a stone staircase leading up, spattered with blood here.
The slave hits you. The hippogriff barely misses you. The hippogriff pecks you!
* * * LOW HITPOINT WARNING * * *
The hippogriff misses you.
You climb upwards.
There is a stone staircase leading down here.
Okay, then.
As you read the scroll of teleportation, it crumbles to dust.
You feel strangely unstable. The slave misses you.
The hippogriff closely misses you. The hippogriff pecks you.
* * * LOW HITPOINT WARNING * * *
The hippogriff claws you.
* * * LOW HITPOINT WARNING * * *
It was a potion of mutation.
You feel extremely strange. A pair of horns grows on your head!
You feel less in control of your magic.
You feel insulated. The slave hits you.
You die...

######### #########
........#
############........
#######.#
#.........##.#######
#######.####
#.#######.##.##### #
...........# #.#
#............###
.##......#.# #.#
#.###.##........
....###....# #.# #.#
#.##.###....
........#.##
#.###.###.##.......#
.######.#.#
#.p@H.....##.###...#
.####..####
#####.######.......#
.......# ###### #...#
######.##
#####..#.##...# ###.#
#[## #..#≈ ###.# #.#
##[## #..#≈ #.# #.#
##...# # #..#≈. #.# #.#
##[...# ## #..#.## #.#
####.######......
.####..#
####.###........#.......


You could see a hippogriff and a slave.

Vanquished Creatures
  An elf zombie (D:4)
  A bullfrog (D:3)
  An elf skeleton (D:4)
  A scorpion (D:4)
  An orc priest (D:4)
  A gnoll shaman (D:2)
  5 human skeletons (D:4)
  2 worker ants (D:4)
  Natasha (thrice) (D:3)
  4 gnolls
  6 adders
  A shadow imp (D:2)
  2 oozes (D:1)
  2 worms
  2 dart slugs
  16 orcs
  3 giant cockroaches
  6 goblins
  5 hobgoblins
  2 jackals (D:4)
  A quokka (D:2)
  A ball python (D:2)
  15 bats
  5 frilled lizards
  2 kobolds (D:3)
  2 orc skeletons (D:4)
  2 orc zombies (D:4)
  5 rats
98 creatures vanquished.

Vanquished Creatures (others)
  9 fungi (D:4)
9 creatures vanquished.

Grand Total: 107 creatures vanquished

Notes
Turn   | Place    | Note
-------+----------+-------------------------------------------
     0 | D:1      | GenChuck the Spriggan Conjurer began the quest for the Orb.
     0 | D:1      | Reached XP level 1. HP: 9/9 MP: 5/5
   265 | D:1      | Reached XP level 2. HP: 13/13 MP: 3/6
   398 | D:1      | Reached skill level 3 in Spellcasting
  1040 | D:2      | Reached XP level 3. HP: 16/16 MP: 4/8
  1144 | D:2      | Learned a level 2 spell: Searing Ray
  1577 | D:2      | Found a stormy altar of Qazlal.
  2065 | D:1      | Reached XP level 4. HP: 21/21 MP: 4/10
  2180 | D:2      | Reached skill level 4 in Spellcasting
  2337 | D:2      | Found a shattered altar of Ashenzari.
  2346 | D:2      | Found a deep blue altar of Sif Muna.
  2350 | D:2      | Became a worshipper of Sif Muna the Loreminder
  2355 | D:2      | Found an ancient bone altar of Kikubaaqudgha.
  2456 | D:3      | Noticed Natasha
  2741 | D:2      | Reached XP level 5. HP: 24/24 MP: 0/13
  2941 | D:3      | Found a glowing golden altar of the Shining One.
  3060 | D:3      | Killed Natasha
  3286 | D:3      | Reached skill level 5 in Spellcasting
  3700 | D:3      | Reached XP level 6. HP: 28/28 MP: 10/15
  3756 | D:3      | Noticed Natasha
  3760 | D:3      | Killed Natasha
  3895 | D:3      | Noticed Natasha
  3901 | D:3      | Killed Natasha
  4393 | D:3      | Found a shimmering altar of Xom.
  4394 | D:3      | Found a hazy altar of Hepliaklqana.
  4394 | D:3      | Noticed an unseen horror
  4395 | D:3      | Noticed an unseen horror
  4395 | D:3      | Noticed a spectral ugly thing
  4646 | D:4      | Reached skill level 5 in Stealth
  4646 | D:4      | Reached skill level 6 in Spellcasting
  4884 | D:5      | Entered Level 5 of the Dungeon
  4920 | D:4      | Reached * piety under Sif Muna
  5077 | D:5      | Found a sparkling altar of Nemelex Xobeh.
  5655 | D:4      | Reached XP level 7. HP: 25/32 MP: 10/18
  5839 | D:4      | Reached skill level 7 in Spellcasting
  6274 | D:4      | Reached skill level 5 in Dodging
  6835 | D:5      | Noticed a hippogriff
  6841 | D:5      | Noticed Pikel
  7052 | D:4      | Gained mutation: You have a pair of small horns on your
                  | head. [potion of mutation]
  7052 | D:4      | Gained mutation: Your spells are a little harder to cast,
                  | but a little more powerful. [potion of mutation]
  7052 | D:4      | Gained mutation: You are resistant to electric shocks.
                  | (rElec) [potion of mutation]
  7052 | D:4      | Slain by a slave

Skill      XL: |  1  2  3  4  5  6  7 |
---------------+----------------------+-----
Conjurations   | 3 4 |  4.2
Spellcasting   | 3 4 5 6 7 |  7.6
Stealth        | 4 5 |  5.6
Dodging        | 4 5 |  5.0
Fighting       | |  0.7

Action                   |  1- 3 |  4- 6 |  7- 9 || total
-------------------------+-------+-------+-------++-------
Melee: Dagger            |       |     1 |     3 ||     4
 Cast: Magic Dart        |   115 |   131 |    41 ||   287
       Searing Ray       |       |    12 |    14 ||    26
  Use: Scroll            |     3 |     5 |     1 ||     9
       Potion            |     3 |     3 |     1 ||     7
  Eat: Ration            |       |     2 |       ||     2
Armor: Robe              |       |     2 |     2 ||     4
Dodge: Dodged            |    16 |    36 |    30 ||    82
